 Dungeon Crawl Stone Soup version 0.18.1-8-gdd0e5ea (console) character file.

2924 Kloppie the Fighter (level 9, 0/127 HPs)
             Began as a Minotaur Berserker on June 11, 2016.
             Was an Elder of Trog.
             Slain by Joseph
             ... wielding a +0 quarterstaff
              (12 damage)
             ... on level 7 of the Dungeon.
             The game lasted 00:10:42 (5248 turns).

Kloppie the Fighter (Minotaur Berserker)            Turns: 5248, Time: 00:10:42

Health: 0/127      AC: 16    Str: 31    XL:     9   Next: 50%
Magic:  17/17      EV: 10    Int:  4    God:    Trog [****..]
Gold:   295        SH:  0    Dex: 14    Spells: 0 memorised, 8 levels left

rFire  . . .     SeeInvis .     a - +1 trident
rCold  . . .     Gourm    .     t - +0 chain mail
rNeg   . . .     Faith    .     (no shield)
rPois  .         Spirit   .     (helmet restricted)
rElec  .         Dismiss  .     D - +1 cloak
rCorr  +         Reflect  .     H - +0 pair of gloves
SustAt .         Harm     .     I - +0 pair of boots
MR     ++...                    (no amulet)
Stlth  ..........               C - ring of Epluos {rCorr MP+9}
                                E - +5 ring of strength

@: berserking, regenerating, very quick, very resistant to hostile enchantments,
extremely unstealthy
A: retaliatory headbutt, horns 2
a: Berserk, Trog's Hand, Brothers in Arms, Burn Spellbooks, Renounce Religion


You were on level 7 of the Dungeon.
You worshipped Trog.
Trog was greatly pleased with you.
You were hungry.

You visited 1 branch of the dungeon, and saw 7 of its levels.

You collected 295 gold pieces.

Inventory:

Hand Weapons
 a - a +1 trident (weapon)
 y - a +0 spear
Armour
 t - a +0 chain mail (worn)
 D - a +1 cloak (worn)
 H - a +0 pair of gloves (worn)
 I - a +0 pair of boots (worn)
Jewellery
 w - an uncursed ring of ice
 C - the ring of Epluos (right hand) {rCorr MP+9}
   (You found it on level 6 of the Dungeon)

   [ring of resist corrosion]

   It affects your magic capacity (+9).
 E - a +5 ring of strength (left hand)
Wands
 G - a wand of iceblast (8/15)
 J - a wand of disintegration (24/24)
Scrolls
 d - a scroll of enchant armour
 p - a scroll of immolation
 q - a scroll of teleportation
 s - 2 scrolls of fog
 u - 2 scrolls of remove curse
Potions
 b - 3 potions of brilliance
 e - 4 potions of heal wounds
 h - a potion of resistance
 i - 2 potions of lignification {unknown}
 j - a potion of magic
 k - 2 potions of agility {unknown}
 l - 6 potions of curing {unknown}
 r - a potion of degeneration {unknown}
 z - a potion of invisibility {unknown}
 A - 3 potions of flight {unknown}
 F - a potion of experience {unknown}
Comestibles
 c - 4 bread rations
 f - 9 chunks of flesh
 n - 2 beef jerkies
 o - a meat ration
 x - 8 fruits


   Skills:
 + Level 9.9 Fighting
 + Level 9.6 Polearms
 + Level 9.6 Armour
 - Level 2.1 Dodging


You had 8 spell levels left.
You didn't know any spells.

Dungeon Overview and Level Annotations

Branches:
Dungeon (7/15)             Temple (0/1) D:6

Altars:
Pakellas
Vehumet

Annotations:
D:4 exclusion: statue
D:7 Joseph


Innate Abilities, Weirdness & Mutations

You reflexively headbutt those who attack you in melee.
You have a pair of horns on your head.


Message History

You are feeling hungry.
Your ogre misses Joseph. The ogre hits you with a giant club.
* * * LOW HITPOINT WARNING * * *
The phantom hits you.
* * * LOW HITPOINT WARNING * * *
You impale the ogre!!
The ogre is severely wounded.
Your ogre closely misses Joseph.
Joseph shoots a sling bullet.
The sling bullet hits you.
* * * LOW HITPOINT WARNING * * *
The phantom blinks!
The ogre hits you with a giant club!
* * * LOW HITPOINT WARNING * * *
You puncture the ogre! You headbutt the ogre.
You kill the ogre!
Trog accepts your kill.
Your ogre hits Joseph with a giant club!!!
Joseph unwields an uncursed hunting sling.
Joseph wields an uncursed quarterstaff.
Joseph hits you with an uncursed quarterstaff!
You die...

..... #. #.
...#..####.###..
..........÷.....
#.............#
###...........#
#....W.......
#.....$...@##+###
........)@O......
...(......§((....... ..
........#...(........
...........#.[(.........
...........+............
...........#((..###.....
...........#....# .....
....#...........## .....
..........#......# .$


You could see Joseph, a phantom and a friendly ogre (berserk).

Vanquished Creatures
  The ghost of xarlamp the Basher, a novice GrFi (D:5)
  Grinder (D:4)
  Eustachio (D:5)
  Menkaure (D:5)
  Duvessa (D:4)
  Edmund (D:5)
  An orc warrior (D:6)
  A sky beast (D:5)
  2 ice beasts (D:7)
  A black bear (D:6)
  2 ogres
  2 centaurs
  A giant frog (D:7)
  Dowan (D:4)
  A scorpion (D:6)
  A jelly (D:5)
  2 howler monkeys
  A crimson imp (D:6)
  A centaur zombie (D:5)
  A giant frog zombie (D:6)
  3 hounds
  Crazy Yiuf (D:4)
  5 orc priests
  2 iguanas (D:6)
  2 orc wizards
  4 worker ants
  A hound skeleton (D:6)
  A mummy (D:4)
  10 adders
  An ooze (D:3)
  An adder skeleton (D:4)
  An adder zombie (D:6)
  2 worms
  3 dart slugs
  5 giant geckos
  28 orcs
  9 bats
  5 giant cockroaches
  13 goblins
  9 hobgoblins
  10 jackals
  10 quokkas
  7 giant newts
  2 hobgoblin zombies (D:4)
  8 kobolds
  A kobold zombie (D:4)
  An orc zombie (D:4)
  7 rats
176 creatures vanquished.

Notes
Turn   | Place    | Note
--------------------------------------------------------------
     0 | D:1      | Kloppie the Minotaur Berserker began the quest for the Orb.
     0 | D:1      | Reached XP level 1. HP: 19/19 MP: 0/0
    39 | D:1      | Reached XP level 2. HP: 27/27 MP: 1/1
   437 | D:1      | Reached XP level 3. HP: 21/34 MP: 2/2
   484 | D:1      | Reached ** piety under Trog
   937 | D:2      | Reached XP level 4. HP: 41/41 MP: 3/3
   957 | D:2      | Reached skill level 5 in Fighting
  1032 | D:2      | Reached *** piety under Trog
  1781 | D:3      | Noticed an ogre
  1793 | D:3      | Killed an ogre
  1793 | D:3      | Reached skill level 5 in Polearms
  1793 | D:3      | Reached XP level 5. HP: 32/49 MP: 4/4
  2057 | D:3      | Found an oddly glowing altar of Pakellas.
  2168 | D:3      | Reached XP level 6. HP: 40/57 MP: 5/5
  2412 | D:4      | Reached **** piety under Trog
  2587 | D:4      | Reached skill level 5 in Armour
  2592 | D:4      | Noticed Grinder
  2601 | D:4      | Killed Grinder
  2659 | D:4      | Noticed Duvessa
  2660 | D:4      | Noticed Dowan
  2663 | D:4      | Reached XP level 7. HP: 61/64 MP: 6/6
  2667 | D:4      | Killed Duvessa
  2675 | D:4      | Killed Dowan
  3184 | D:4      | Noticed Crazy Yiuf
  3195 | D:4      | Killed Crazy Yiuf
  3390 | D:4      | Found a radiant altar of Vehumet.
  3490 | D:5      | Entered Level 5 of the Dungeon
  3493 | D:5      | Noticed Eustachio
  3503 | D:5      | Killed Eustachio
  3533 | D:5      | Noticed Menkaure
  3544 | D:5      | Reached XP level 8. HP: 73/73 MP: 7/7
  3547 | D:5      | Killed Menkaure
  3587 | D:5      | Noticed xarlamp's ghost (novice GrFi)
  3593 | D:5      | Noticed Edmund
  3594 | D:5      | Killed xarlamp's ghost
  3599 | D:5      | Killed Edmund
  4398 | D:6      | Reached XP level 9. HP: 83/83 MP: 8/8
  4431 | D:6      | Found a staircase to the Ecumenical Temple.
  4828 | D:6      | Got a scorched bronze ring
  5087 | D:6      | Identified the ring of Epluos {rCorr MP+9} (You found it on level 6 of the Dungeon)
  5234 | D:7      | Noticed Joseph
  5248 | D:7      | Slain by Joseph

Skill      XL: |  1  2  3  4  5  6  7  8  9 |
---------------+----------------------------+-----
Fighting       | 4 5 6 7 9 |  9.9
Polearms       | 4 5 6 7 8 9 |  9.6
Armour         | 3 4 5 6 8 9 |  9.6
Dodging        | |  2.1

Action                   |  1- 3 |  4- 6 |  7- 9 || total
-------------------------+-------+-------+-------++-------
Melee: Spear             |   113 |   189 |       ||   302
       Headbutt          |     7 |    36 |    46 ||    89
       Trident           |       |    14 |   217 ||   231
Invok: Berserk           |       |     2 |     6 ||     8
       Trog's Hand       |       |     1 |     3 ||     4
       Brothers in Arms  |       |       |     1 ||     1
  Use: Scroll            |       |       |    14 ||    14
  Eat: Chunk             |       |     8 |    14 ||    22
Armor: Animal skin       |    12 |       |       ||    12
       Leather armour    |     7 |    13 |       ||    20
       Chain mail        |       |    40 |    88 ||   128
Dodge: Dodged            |    47 |    50 |    89 ||   186
